AoeStats
← Lord_of_Larshof

Arena

506691534Analyzed
1v1 RM · 19d ago on Sep 14, 2026· 40m 29s· 2 players
Game mode
Random Map
Map size
Tiny (2 player)
Population
200
Speed
Normal
Resources
Standard
Victory
Conquest
Starting age
Dark Age
Ending age
Imperial Age
RankedLock teamsTeams togetherTeam positionsShared explorationLock speedFull tech treeHidden civsTurbo modeCheats
Victory
Defeat
🇦🇷 Bohemians · Argentina
982
+17
🇩🇪 Lithuanians · Germany
1000
-51
AndyCharuto
12:03 Feudal Age
13:22 Double-Bit Axe
16:06 Castle Age
13:54 Horse Collar
15:17 Scale Mail Armor
18:21 Bow Saw
21:59 Loom
23:16 Fervor
23:44 Wheelbarrow
25:39 Fletching
25:49 Padded Archer Armor
25:50 Scale Mail Armor
26:22 Town Watch
28:04 Ballistics
31:17 Imperial Age
30:09 Chemistry
28:55 Crossbowman
29:03 Pikeman
29:47 Squires
31:24 Forging
31:30 Chain Mail Armor
33:39 Conscription
33:35 Bodkin Arrow
34:44 Iron Casting
34:40 Plate Mail Armor
37:01 Block Printing
39:44 Blast Furnace
Lord_of_Larshof
10:23 Feudal Age
14:59 Castle Age
13:40 Double-Bit Axe
13:39 Horse Collar
19:13 Wheelbarrow
18:32 Loom
18:40 Town Watch
20:59 Bow Saw
21:08 Heavy Plow
23:22 Hand Cart
23:32 Gold Mining
23:35 Stone Mining
24:34 Husbandry
25:56 Stone Shaft Mining
25:44 Scale Barding Armor
25:50 Forging
27:42 Bloodlines
28:02 Elite Skirmisher
28:47 Thumb Ring
32:24 Ballistics
37:42 Imperial Age
37:48 Padded Archer Armor
37:38 Fletching
41:16 Chemistry
Connection lost

Rejoining the realm…

Still unreachable

The connection could not be restored.

Session expired

The server has moved on; the page needs a fresh start.